 Dungeon Crawl Stone Soup version 0.27.1-4-g1640c2035a (webtiles) character file.

Game seed: 8077613312009248339

184 Stomo444 the Skirmisher (level 5, 0/47 HPs)
             Began as a Draconian Monk on Nov 9, 2021.
             Killed by divine providence
             ... invoked by an orc priest
              (13 damage)
             ... on level 4 of the Dungeon.
             The game lasted 00:04:11 (3400 turns).

Stomo444 the Skirmisher (Draconian Monk)            Turns: 3400, Time: 00:04:12

Health: 0/47       AC:  5    Str: 14    XL:     5   Next: 36%
Magic:  5/5        EV: 13    Int: 11    God:
Gold:   41         SH:  0    Dex: 13    Spells: 4/4 levels left

rFire    . . .     SeeInvis .   a - +0 mace
rCold    . . .     Faith    .   (no shield)
rNeg     . . .     Spirit   .   (armour unavailable)
rPois    .         Reflect  .   (helmet restricted)
rElec    .         Harm     .   (no cloak)
rCorr    .         Rampage  .   (no gloves)
Will     .....                  (no boots)
Stlth    ++........             (no amulet)
HPRegen  0.15/turn              (no ring)
MPRegen  0.09/turn              (no ring)

@: no status effects
A: AC +5, unfitting armour, cold-blooded
a: no special abilities


You were on level 4 of the Dungeon.
You visited 1 branch of the dungeon, and saw 4 of its levels.

You collected 41 gold pieces.

Inventory:

Hand Weapons
 a - a +0 mace (weapon)
 d - a +0 club
Armour
 c - a +1 helmet of intelligence
Scrolls
 b - 2 scrolls of teleportation
 e - a scroll of fear {unknown}
 f - a scroll of enchant armour
 g - 2 scrolls of identify
 h - a scroll of immolation {unknown}


   Skills:
 * Level 4.9 Fighting
 * Level 4.4 Maces & Flails
 + Level 3.4 Dodging
 - Level 1.8 Stealth


You had 4 spell levels left.
You didn't know any spells.
Your spell library contained the following spells:

 Spells                   Type           Power      Damage    Failure   Level
 Sandblast                Erth           0%         2d4       34%         1
 Passwall                 Tmut/Erth      0%         N/A       47%         2
 Lee's Rapid Deconstruct  Erth           0%         3d5*      100%        5


Dungeon Overview and Level Annotations

Branches:
Dungeon (4/15)
 Temple: D:4-7

Altars:
Elyvilon

Shops:
D:1 ::

Annotations:
D:3 Grinder, Sigmund


Innate Abilities, Weirdness & Mutations

Your plain brown scales are hard. (AC +5)
You cannot fit into any form of body armour.
You are cold-blooded and may be slowed by cold attacks.


Message History

The orc hits you with a +0 short sword.
You hit the orc priest.
The orc priest is severely wounded.
The orc priest hits you with a +0 dagger.
The orc hits you but does no damage.
You hit the orc priest.
You tail-slap the orc priest, but do no damage.
The orc priest is almost dead.
The orc hits you with a +0 short sword.
The orc priest hits you with a +0 dagger.
You are too injured to fight recklessly!
There are monsters nearby!
You barely miss the orc priest.
The orc priest is almost dead.
The orc hits you with a +0 short sword. The orc barely misses you.
The orc priest looks satisfied for a moment.
You closely miss the orc priest.
The orc priest is almost dead.
The orc hits you with a +0 short sword.
* * * LOW HITPOINT WARNING * * *
The orc closely misses you.
The orc priest looks braver for a moment.
The orc priest hits you but does no damage.
There is an open door here.
You hit the orc.
The orc is almost dead.
The orc barely misses you.
You hit the orc.
The orc is almost dead.
The orc misses you.
You hit the orc but do no damage.
The orc is almost dead.
The orc closely misses you.
You closely miss the orc.
Your tail-slap misses the orc.
The orc is almost dead.
The orc barely misses you. The orc hits you but does no damage.
The orc barely misses you.
The orc priest invokes the aid of Beogh against you.
Beogh smites you!
You die...

......#)........#...##.....
...>..#.........#..........
......#.........#..........
......#.........#..........
................#..).......
.....#..........#..o#########
................#...#.......#
.⌠.⌠.#..........###o#.......#
................@.o.........#
..)..#............o.........#
.._.........................#
... #......................#
.....................#
....................#
............>.......#####
....##########'#.........
....#..........'.).......


You could see an orc priest and 2 orcs.

Vanquished Creatures
  A water moccasin skeleton (D:4)
  A hound skeleton (D:4)
  6 adders (D:2)
  2 worms
  4 endoplasms
  2 giant cockroaches
  8 goblins
  6 hobgoblins
  7 jackals
  7 kobolds
  A quokka (D:3)
  7 ball pythons
  2 bats
  2 frilled lizards
  5 rats
  A spectral goblin (D:1)
62 creatures vanquished.

Notes
Turn   | Place    | Note
-------+----------+-------------------------------------------
     0 | D:1      | Stomo444 the Draconian Monk began the quest for the Orb.
     0 | D:1      | Reached XP level 1. HP: 19/19 MP: 1/1
    60 | D:1      | Found Xok Qero's Book Shoppe.
   309 | D:1      | Reached XP level 2. HP: 26/26 MP: 2/2
   459 | D:1      | Found Enad Nem's Book Boutique.
   872 | D:1      | Reached XP level 3. HP: 27/33 MP: 3/3
   955 | D:1      | Found a faded altar of an unknown god.
  1792 | D:2      | Reached XP level 4. HP: 33/41 MP: 4/4
  2699 | D:3      | Noticed Sigmund
  2734 | D:3      | Noticed Grinder
  2742 | D:3      | Paralysed by Grinder for 3 turns
  2753 | D:3      | Paralysed by Grinder for 3 turns
  2760 | D:3      | Paralysed by Grinder for 7 turns
  2966 | D:4      | Reached XP level 5. HP: 24/47 MP: 5/5
  3238 | D:4      | Found a white marble altar of Elyvilon.
  3400 | D:4      | Killed from afar by an orc priest

Illustrated notes

Levels and vault maps discovered:
D:1:      dpeg_arrival_water_fire, layout_loops_ring,
          dreamdust_ecumenical_altar_drowned_temple, serial_shops, shop, shop
D:2:      layout_basic, chequers_serial_rivers_large_a
D:3:      layout_basic, nicolae_dithmenos_the_darkroom, minmay_misc_feat_rows,
          uniq_sigmund, uniq_grinder, uniq_jessica
D:4:      layout_gridville, elyvilon_altar_5, serial_shops,
          kennysheep_mini_moat, nicolae_shop_overcharged_wands

Skill      XL: |  1  2  3  4 |
---------------+-------------+-----
Dodging        | 3 |  3.4
Fighting       | 4 |  4.9
Maces & Flails | 4 |  4.4
Stealth        | |  1.8

Action                   |  1- 3 |  4- 6 || total
-------------------------+-------+-------++-------
Melee: Mace              |    89 |    33 ||   122
       Tailslap          |    19 |    22 ||    41
       Club              |    78 |   105 ||   183
  Use: Potion            |     2 |     1 ||     3
       Scroll            |       |     2 ||     2
 Stab: Sleeping          |     5 |       ||     5
Armor: Skin              |    64 |    41 ||   105
Dodge: Dodged            |   143 |    97 ||   240
